[Event "Team 45 45 League T35"]
[Site "Internet Chess Club"]
[Date "2007.11.04"]
[Round "3"]
[White "VentasD"]
[Black "demo05"]
[Result "1-0"]
[WhiteElo "2184"]
[BlackElo "1823"]
[Opening "Dutch with c4 & Nc3"]
[ECO "A85"]
[Time "12:07:16"]
[TimeControl "2700+45"]

1. d4 f5 2. c4 Nf6 3. Nc3 e6 4. d5 e5 5. g3 Bc5 6. Bg2 d6 7. Nh3 O-O 8. O-O h6
9. Na4 Bb6 10. Nxb6 axb6 11. f4 e4 12. b3 b5 13. cxb5 Bd7 14. b6 c6 15. dxc6
Qxb6+ 16. e3 Bxc6 17. Re1 d5 18. Bb2 Nbd7 19. Bd4 Qa5 20. Nf2 Rfc8 21. Qe2 Bb5
22. Qb2 Kf7 23. a4 Bd3 24. Nxd3 exd3 25. b4 Qd8 26. Qb3 Ke6 27. Qxd3 Ne4 28.
Bxg7 Qe7 29. Bxh6 Rc3 30. Qb5 Ndf6 31. Bg5 Nxg5 32. fxg5 Ne4 33. Bxe4 fxe4 34.
Rad1 Rd8 35. Rf1 Qxg5 36. Rf4 Ke5 37. Qb6 Rc4 38. Rdf1 Rdc8 39. g4 {Black
resigns} 1-0

[Event "Team 45 45 League T35"]
[Site "Internet Chess Club"]
[Date "2007.11.04"]
[Round "3"]
[White "SRS"]
[Black "primerpaso"]
[Result "0-1"]
[WhiteElo "1786"]
[BlackElo "1827"]
[Opening "Sicilian: Tartakower variation"]
[ECO "B53"]
[Time "17:01:44"]
[TimeControl "2700+45"]

1. e4 c5 2. Nf3 d6 3. d4 cxd4 4. c3 dxc3 5. Nxc3 Nc6 6. Bc4 e6 7. Bf4 Nf6 8. Bb3
Be7 9. O-O a6 10. Qe2 Qa5 11. Rfd1 Ne5 12. Rac1 O-O 13. Bd2 Nxf3+ 14. Qxf3 Qh5
15. Qg3 Qg6 16. Qf3 Bd7 17. Bf4 e5 18. Bg3 Bg4 19. Qd3 Bxd1 20. Rxd1 Qh6 21. Nd5
Nxd5 22. Bxd5 Rab8 23. h3 b5 24. Qb3 Qh5 25. Rc1 Rbc8 26. Rxc8 Rxc8 27. Bb7 Rc1+
28. Kh2 Qe2 29. Bxa6 Qe1 30. Bxe5 dxe5 31. Qxb5 Qxf2 32. Qe8+ Bf8 33. Qxe5 Rc2
{White resigns} 0-1

[Event "Team 45 45 League T35"]
[Site "Internet Chess Club"]
[Date "2007.11.05"]
[Round "3"]
[White "WillsGambit"]
[Black "clarnibass"]
[Result "0-1"]
[WhiteElo "1625"]
[BlackElo "1763"]
[Opening "Queen's pawn game"]
[ECO "E00"]
[Time "09:25:12"]
[TimeControl "2700+45"]

1. d4 Nf6 2. c4 e6 3. a3 d5 4. Nc3 Be7 5. Nf3 b6 6. e3 O-O 7. h4 Ba6 8. Ng5 Bxc4
9. e4 Bxf1 10. Kxf1 dxe4 11. Ncxe4 Nbd7 12. Qc2 Nxe4 13. Nxe4 Nf6 14. Ng5 Qxd4
15. Be3 Qd8 16. Rd1 Qc8 17. Bd4 g6 18. h5 c5 19. Be5 Rd8 20. Re1 Ng4 21. Nxf7
Nxe5 22. Rxe5 Kxf7 23. hxg6+ Kg8 24. g7 Qa6+ 25. Kg1 Qd3 26. Qxd3 Rxd3 27. Rxe6
{White resigns} 0-1

[Event "Team 45 45 League T35"]
[Site "Internet Chess Club"]
[Date "2007.11.03"]
[Round "3"]
[White "Fysh"]
[Black "LittleBunny"]
[Result "1-0"]
[WhiteElo "1819"]
[BlackElo "1220"]
[Opening "QGD: Marshall defense"]
[ECO "D13"]
[Time "10:02:48"]
[TimeControl "2700+45"]

1. d4 d5 2. c4 Nf6 3. Nc3 c6 4. cxd5 cxd5 5. Nf3 Nc6 6. Bf4 g6 7. e3 Bg7 8. Bd3
O-O 9. Rc1 e6 10. O-O Qb6 11. Na4 Qb4 12. a3 Qa5 13. b4 Qd8 14. b5 Na5 15. Bc7
Qe7 16. Bxa5 Qxa3 17. Rc3 Qd6 18. Qb3 b6 19. Bb4 Qd7 20. Bxf8 Bxf8 21. Ne5 Qe7
22. Rfc1 Nd7 23. Rxc8 Rxc8 24. Rxc8 Nxe5 25. dxe5 Kg7 26. Qc3 f6 27. Rc7 Qxc7
28. Qxc7+ Kg8 29. exf6 {Black resigns} 1-0

[Event "Team 45 45 League T35"]
[Site "Internet Chess Club"]
[Date "2007.11.05"]
[Round "3"]
[White "Vitruvian"]
[Black "Rainbird"]
[Result "1/2-1/2"]
[WhiteElo "1823"]
[BlackElo "1768"]
[Opening "French: exchange variation"]
[ECO "C01"]
[Time "09:02:36"]
[TimeControl "2700+45"]

1. e4 e6 2. d4 d5 3. exd5 exd5 4. c4 Bb4+ 5. Nc3 Ne7 6. Nf3 Bg4 7. a3 Bxc3+ 8.
bxc3 O-O 9. c5 b6 10. cxb6 axb6 11. Bd3 Qd7 12. O-O Bf5 13. Ne5 Qc8 14. Bb5 c6
15. Be2 Nd7 16. Nxd7 Qxd7 17. Be3 Nc8 18. c4 dxc4 19. Bxc4 Nd6 20. Be2 Ne4 21.
Qb3 Be6 22. Qc2 Bd5 23. Qb2 Qc7 24. Rfb1 Rfb8 25. Qc1 Qd8 26. Bf4 Rb7 27. Bd3
Rba7 28. Qb2 b5 29. Bxe4 Bxe4 30. Re1 Bd5 31. Qb4 Ra4 32. Qc3 Qf6 33. Qg3 Qg6
34. Qxg6 hxg6 35. Bd6 Rxd4 36. Bb4 f6 37. f3 Bf7 38. Rac1 Bc4 39. Rcd1 Rad8 40.
Rxd4 Rxd4 41. Re8+ Kh7 42. Rc8 Rd1+ 43. Kf2 Rf1+ 44. Kg3 Bd5 45. Rc7 g5 46. Bf8
Kg8 47. Bxg7 f5 48. Bf6 f4+ 49. Kg4 Rg1 50. Rg7+ Kf8 51. Rxg5 Rxg2+ 52. Kxf4
Rxh2 53. Bd4 Rh3 54. Rf5+ Ke8 55. Ke3 {Game drawn by mutual agreement} 1/2-1/2

[Event "Team 45 45 League T35"]
[Site "Internet Chess Club"]
[Date "2007.11.02"]
[Round "3"]
[White "ETwoEFour"]
[Black "gezira"]
[Result "1-0"]
[WhiteElo "2141"]
[BlackElo "1876"]
[Opening "Sicilian"]
[ECO "B50"]
[Time "13:55:08"]
[TimeControl "2700+45"]

1. e4 c5 2. Nf3 d6 3. Bd3 Nf6 4. c3 g6 5. Bc2 Bg7 6. d4 cxd4 7. cxd4 O-O 8. h3
Nc6 9. O-O Bd7 10. Nc3 Rc8 11. Bg5 h6 12. Be3 a6 13. Qd2 Kh7 14. e5 Ng8 15. Rfd1
Na5 16. Bd3 b5 17. Bf4 Qb6 18. exd6 e6 19. Ne5 Nf6 20. Ne4 Nxe4 21. Nxd7 Nc4 22.
Nxb6 Nexd2 23. Nxc8 Rxc8 24. b3 Bxd4 25. bxc4 Nxc4 26. Rac1 e5 27. Bxc4 bxc4 28.
Be3 Bb2 29. Rxc4 Rd8 30. Bb6 {Black resigns} 1-0

[Event "Team 45 45 League T35"]
[Site "Internet Chess Club"]
[Date "2007.11.02"]
[Round "3"]
[White "goldenboy2"]
[Black "matein7"]
[Result "0-1"]
[WhiteElo "1912"]
[BlackElo "1976"]
[Opening "Scandinavian defense"]
[ECO "B01"]
[Time "19:02:17"]
[TimeControl "2700+45"]

1. e4 d5 2. exd5 Nf6 3. Nc3 Nxd5 4. Bc4 Nb6 5. Bb3 e6 6. Nf3 Be7 7. d4 O-O 8.
O-O Bd7 9. Ne5 Bc6 10. Qg4 Bd5 11. Nxd5 exd5 12. Re1 Bf6 13. c3 Qc8 14. Qxc8
Rxc8 15. Ng4 N8d7 16. Bf4 c6 17. Nxf6+ Nxf6 18. Re7 Re8 19. Rae1 Rxe7 20. Rxe7
Re8 21. Rxe8+ Nxe8 22. Kf1 Kf8 23. Ke2 Ke7 24. Bc2 g6 25. b3 Nd6 26. Bd3 Ke6 27.
Bxd6 Kxd6 28. Kf3 Ke6 29. Kg4 Kf6 30. h4 Nd7 31. Kf4 b5 32. g4 Nb6 33. Kg3 a5
34. f4 a4 35. g5+ Ke6 36. Kg4 f5+ 37. gxf6 Kxf6 38. h5 axb3 39. axb3 Nc8 40.
hxg6 hxg6 41. c4 dxc4 42. bxc4 b4 43. Be4 Nd6 44. Bxc6 Nxc4 45. Be4 b3 46. d5 b2
47. d6 Nxd6 48. Bd3 Nb5 49. f5 g5 50. Kf3 Nc3 51. Ke3 b1=Q 52. Bxb1 Nxb1 53. Ke4
Na3 54. Ke3 Kxf5 55. Kf3 Nc4 56. Kg3 Ne5 57. Kg2 Kg4 58. Kg1 Kg3 59. Kh1 Kf2 60.
Kh2 g4 61. Kh1 Nc4 62. Kh2 g3+ {White resigns} 0-1

[Event "Team 45 45 League T35"]
[Site "Internet Chess Club"]
[Date "2007.11.03"]
[Round "3"]
[White "gugamircea"]
[Black "joshtournman"]
[Result "0-1"]
[WhiteElo "1614"]
[BlackElo "1432"]
[Opening "Scotch game"]
[ECO "C45"]
[Time "07:51:31"]
[TimeControl "2700+45"]

1. e4 e5 2. Nf3 Nc6 3. d4 exd4 4. Nxd4 Nxd4 5. Qxd4 Qf6 6. e5 Qe7 7. Bd2 d6 8.
f4 f6 9. Nc3 dxe5 10. fxe5 Qxe5+ 11. Qxe5+ fxe5 12. O-O-O Bg4 13. Re1 Bd6 14.
Nb5 a6 15. Nxd6+ cxd6 16. Bc4 Ne7 17. Rhf1 Bh5 18. h3 Rf8 19. Rxf8+ Kxf8 20.
Rf1+ Ke8 21. g4 Bg6 22. Be6 Nc6 23. h4 Nd4 24. Bd5 Bxc2 25. Rf7 Be4 26. Rxg7
Bxd5 27. Rxh7 Rc8+ 28. Kd1 Bf3+ 29. Ke1 Bxg4 30. Rxb7 Nf3+ 31. Ke2 Nxd2+ 32.
Kxd2 Rc4 33. Rb6 Rd4+ 34. Ke3 a5 35. Rb8+ Kf7 36. Rh8 Kg7 37. Ra8 a4 38. Ra7+
Kg6 39. b3 axb3 40. axb3 Be6 41. Rb7 Rxh4 42. b4 Bd5 43. Rd7 Rxb4 44. Rxd6+ Kf5
45. Rxd5 Rb3+ 46. Ke2 Ke4 47. Rd2 Rh3 48. Kd1 Rh1+ 49. Kc2 Kf4 50. Rf2+ Ke3 51.
Rf5 e4 52. Rf8 Ke2 53. Re8 e3 54. Rf8 Ke1 55. Kc1 e2 56. Kc2 Rf1 57. Re8 Rf2 58.
Ra8 Kf1 59. Ra1+ e1=Q+ {White resigns} 0-1

[Event "Team 45 45 League T35"]
[Site "Internet Chess Club"]
[Date "2007.11.03"]
[Round "3"]
[White "vaibhav"]
[Black "Checkmates"]
[Result "1-0"]
[WhiteElo "2394"]
[BlackElo "2390"]
[Opening "Sicilian: Kan, 5.Nc3"]
[ECO "B43"]
[Time "00:54:11"]
[TimeControl "2700+45"]

1. e4 c5 2. Nf3 e6 3. d4 cxd4 4. Nxd4 a6 5. Nc3 b5 6. Bd3 Qb6 7. Nf3 Nc6 8. e5
Qb8 9. O-O Nxe5 10. Nxe5 Qxe5 11. Qf3 Qb8 12. Be4 d5 13. Nxd5 exd5 14. Bxd5 Ra7
15. Re1+ Be6 16. Bc6+ Rd7 17. Bf4 Qb6 18. Bxd7+ Kxd7 19. Rad1+ Ke8 20. Qa8+ Ke7
21. Bd6+ Kf6 22. Qf3+ Kg6 23. Qg3+ Kf6 24. h4 h6 25. Bxf8 {Black resigns} 1-0

[Event "Team 45 45 League T35"]
[Site "Internet Chess Club"]
[Date "2007.11.02"]
[Round "3"]
[White "jorobo"]
[Black "Extremophile"]
[Result "1/2-1/2"]
[WhiteElo "2178"]
[BlackElo "2205"]
[Opening "King's Indian: orthodox, Aronin-Taimanov, 9.Ne1"]
[ECO "E98"]
[Time "23:16:36"]
[TimeControl "2700+45"]

1. c4 Nf6 2. Nc3 g6 3. d4 Bg7 4. e4 d6 5. Be2 O-O 6. Nf3 e5 7. O-O Nc6 8. d5 Ne7
9. Ne1 Nd7 10. Nd3 f5 11. Bd2 Kh8 12. b4 Ng8 13. c5 b6 14. cxd6 cxd6 15. Rc1 Ba6
16. Nb2 Bxe2 17. Qxe2 a6 18. Nc4 Qe7 19. f3 Bh6 20. Bxh6 Nxh6 21. Nxb6 Nxb6 22.
Qe3 Nc4 23. Qxh6 f4 24. Nd1 Qa7+ 25. Kh1 Qd4 26. Nb2 Rfc8 27. Nxc4 Rxc4 28. h4
Rac8 29. Rcd1 Qa7 30. h5 Qg7 31. Qxg7+ Kxg7 32. hxg6 hxg6 33. Rb1 Rc2 34. a3
R8c3 35. a4 Ra3 36. b5 Raa2 37. Rg1 axb5 38. axb5 Ra8 39. Rgc1 Rd2 40. Rc7+ Kf6
41. Rd7 Raa2 42. Rxd6+ Kg7 43. Ra6 Rac2 44. Rg1 g5 45. Re6 g4 46. Rxe5 gxf3 47.
Rg5+ Kh6 48. Rg4 Kh5 49. Rxf4 fxg2+ 50. Kh2 Rc3 51. Rxg2 Rdd3 52. b6 Rb3 53.
Rf5+ Kh4 54. Rf6 Rh3+ 55. Kg1 Rb1+ 56. Rf1 Rxb6 57. Rh2 Rxh2 58. Kxh2 Rb2+ 59.
Kg1 Kg3 60. Rd1 Kf4 61. Re1 Kg3 62. Rd1 Kf4 63. Rd4 Kg3 64. Kf1 Kf3 65. Kg1 Kg3
66. Rd1 {Game drawn by repetition} 1/2-1/2

[Event "Team 45 45 League T35"]
[Site "Internet Chess Club"]
[Date "2007.11.05"]
[Round "3"]
[White "Ozgur-Bjk"]
[Black "HocusPocus"]
[Result "1/2-1/2"]
[WhiteElo "2160"]
[BlackElo "2119"]
[Opening "QGD Slav: exchange variation"]
[ECO "D13"]
[Time "11:04:01"]
[TimeControl "2700+45"]

1. d4 d5 2. c4 c6 3. Nf3 Nf6 4. cxd5 cxd5 5. Nc3 Nc6 6. Bf4 a6 7. e3 Bg4 8. Be2
e6 9. O-O Bd6 10. Bxd6 Qxd6 11. Rc1 O-O 12. a3 Rfd8 13. Na4 Nd7 14. b4 b5 15.
Nc5 Nxc5 16. dxc5 Qc7 17. Nd4 Bxe2 18. Qxe2 Ne7 19. f4 Rab8 20. Nf3 Nc6 21. Nd4
Re8 22. Nxc6 Qxc6 23. Qc2 Rb7 24. Rfd1 {Game drawn by mutual agreement} 1/2-1/2

[Event "Team 45 45 League T35"]
[Site "Internet Chess Club"]
[Date "2007.11.04"]
[Round "3"]
[White "Ser-Enigma"]
[Black "EUPHRATES"]
[Result "1-0"]
[WhiteElo "2101"]
[BlackElo "2064"]
[Opening "Catalan: closed, 5.Nf3"]
[ECO "E06"]
[Time "13:06:57"]
[TimeControl "2700+45"]

1. d4 Nf6 2. c4 e6 3. g3 d5 4. Bg2 Be7 5. Nf3 O-O 6. O-O b6 7. Qc2 Bb7 8. b3
Nbd7 9. Nc3 c5 10. dxc5 bxc5 11. cxd5 exd5 12. Bf4 d4 13. Nb5 Nd5 14. Nd6 Nb4
15. Nxb7 Nxc2 16. Nxd8 Raxd8 17. Rac1 Nb4 18. a3 Nd5 19. Bd2 N5f6 20. Ng5 Rb8
21. Rb1 Rfe8 22. Rfc1 h6 23. Ne4 Nxe4 24. Bxe4 Bd6 25. Bd3 Nf6 26. b4 cxb4 27.
axb4 Nd5 28. Rc4 Nc3 29. Bxc3 dxc3 30. b5 Rbc8 31. Ra4 Rc7 32. Kf1 g6 33. e3 Be5
34. f4 Bd6 35. e4 Rec8 36. Rc1 Kg7 37. Ke2 h5 38. Kd1 h4 39. e5 Be7 40. g4 Rd8
41. Kc2 Rd5 42. Rd1 g5 43. fxg5 Rxe5 44. g6 fxg6 45. Ra6 Bf6 46. Rf1 Rf7 47. Bc4
Rf8 48. Rxa7+ Kh6 49. b6 Rc5 50. Bd3 Bg7 51. Rxf8 Bxf8 52. b7 Bd6 53. Ra6 Rd5
54. Rxd6 {Black resigns} 1-0

[Event "Team 45 45 League T35"]
[Site "Internet Chess Club"]
[Date "2007.11.03"]
[Round "3"]
[White "MBelli"]
[Black "Guinness"]
[Result "1/2-1/2"]
[WhiteElo "2513"]
[BlackElo "2271"]
[Opening "QP counter-gambit (elephant gambit)"]
[ECO "C40"]
[Time "22:06:28"]
[TimeControl "2700+45"]

1. e4 e5 2. Nf3 d5 3. Nxe5 Bd6 4. d4 dxe4 5. Nc4 Nf6 6. Be2 O-O 7. O-O Nc6 8.
Be3 Be7 9. Nc3 Be6 10. Qd2 Nb4 11. a3 Nbd5 12. Na5 Qd7 13. Rfd1 c6 14. Nc4 Rfe8
15. Rac1 Rad8 16. Bg5 Nxc3 17. Qxc3 Nd5 18. Qg3 Qc7 19. Qxc7 Nxc7 20. Bxe7 Rxe7
21. Na5 Nd5 22. g3 f5 23. c4 Nf6 24. b4 Red7 25. Nb3 b6 26. d5 cxd5 27. Nd4 Kf7
28. c5 bxc5 29. Rxc5 Rd6 30. Rdc1 Nd7 31. Rc7 Ra8 32. Bb5 Kf6 33. Bc6 Rb8 34. f4
exf3 35. Bxd7 Bxd7 36. Rxa7 h6 37. Rcc7 Rd8 38. Kf2 g5 39. Kxf3 Ke5 40. Ke3 f4+
41. Kd3 Bf5+ 42. Kc3 R6d7 43. a4 Rxc7+ 44. Rxc7 fxg3 45. hxg3 h5 46. b5 Rc8 47.
Nc6+ Kd6 48. Rg7 Be4 49. Kd4 h4 50. Rxg5 Rh8 51. gxh4 Rxh4 52. a5 Bb1+ 53. Ke3
Kc5 54. a6 Kxb5 55. a7 Rh8 56. Nb8 Rh3+ 57. Kd4 Ra3 58. Rg3 Ra4+ 59. Ke5 Be4 60.
Rb3+ Kc5 61. Rb7 Bg2 62. Rc7+ Kb6 63. Kd6 d4 64. Nd7+ Kb5 65. Rc5+ Kb4 66. Rg5
Rxa7 67. Rxg2 d3 68. Ne5 Kc3 69. Rg3 Ra6+ 70. Kd5 Ra5+ 71. Ke4 Rxe5+ 72. Kxe5
Kc2 73. Kd4 d2 74. Rc3+ Kb1 75. Rd3 Kc2 {Game drawn by mutual agreement} 1/2-1/2

[Event "Team 45 45 League T35"]
[Site "Internet Chess Club"]
[Date "2007.11.02"]
[Round "3"]
[White "kingcapture"]
[Black "WesleyCrusher"]
[Result "0-1"]
[WhiteElo "2209"]
[BlackElo "2151"]
[Opening "Réti: King's Indian attack, French variation"]
[ECO "B40"]
[Time "14:02:13"]
[TimeControl "2700+45"]

1. e4 c5 2. Nf3 e6 3. d3 d5 4. Nbd2 Nc6 5. g3 Nf6 6. Bg2 Be7 7. O-O O-O 8. Re1
d4 9. e5 Nd5 10. a4 Qc7 11. Nc4 Bd7 12. Nfd2 Na5 13. f4 Nxc4 14. Nxc4 Bc6 15.
Qg4 Nb6 16. Nd2 Bxg2 17. Kxg2 Qc6+ 18. Nf3 Nxa4 19. f5 exf5 20. Qxf5 Nb6 21. Kg1
g6 22. Qg4 h5 23. Qe4 Qxe4 24. Rxe4 Nd5 25. Bd2 Nc7 26. Ng5 Ne6 27. Nxe6 fxe6
28. Rf4 b6 29. Ra6 Rfd8 30. Rf1 Rd5 31. Re1 Bf8 32. Bf4 Bg7 33. Kg2 Rd7 34. Rea1
Rb7 35. Kf3 Kf7 36. Ke4 Ke7 37. h4 Kd7 38. Bg5 Kc6 39. c4 dxc3 40. bxc3 Rf7 41.
Bf4 Kb7 42. c4 Rd7 43. Be3 Kc6 44. R1a3 Bf8 45. Ra2 Rf7 46. d4 cxd4 47. Bxd4 Bc5
48. Bxc5 Kxc5 49. R6a4 Rd8 50. Rxa7 Rd4+ 51. Ke3 Rxa7 52. Rxa7 Rxc4 53. Rg7 Rg4
54. Kf3 b5 55. Rc7+ Kd5 56. Rb7 b4 57. Rb5+ Kc4 58. Rb6 b3 59. Rxe6 Kc5 60. Re8
Rb4 61. e6 Kd6 62. Rd8+ Kxe6 63. Rd1 b2 64. Rb1 Kf5 65. Kf2 Rb3 66. Kg2 Ke4 67.
Kh3 Kd3 68. Rd1+ Kc2 69. Rh1 b1=Q 70. Rg1 Kd3 {White resigns} 0-1

[Event "Team 45 45 League T35"]
[Site "Internet Chess Club"]
[Date "2007.11.04"]
[Round "3"]
[White "Gregorio"]
[Black "jonesey"]
[Result "0-1"]
[WhiteElo "2005"]
[BlackElo "2047"]
[Opening "Evans gambit"]
[ECO "C52"]
[Time "11:02:01"]
[TimeControl "2700+45"]

1. e4 e5 2. Nf3 Nc6 3. Bc4 Bc5 4. b4 Bxb4 5. c3 Ba5 6. d4 exd4 7. O-O Nge7 8.
cxd4 d5 9. exd5 Nxd5 10. Ba3 Be6 11. Qb3 Qd7 12. Nbd2 O-O-O 13. Ne4 Nb6 14. Bxe6
Qxe6 15. Qxe6+ fxe6 16. Neg5 Nc4 17. Bc1 Nxd4 18. Nf7 Nxf3+ 19. gxf3 Rhf8 20.
Nxd8 Kxd8 21. Kg2 Ne5 22. Rd1+ Kc8 23. f4 Ng6 24. Kg3 Bb4 25. Be3 Bd6 26. Rac1
Bxf4+ 27. Bxf4 Nxf4 28. Rc4 Nd5 29. Rh4 Rh8 30. Re4 Nc3 31. Rde1 Nxe4+ 32. Rxe4
Re8 33. Kf4 e5+ 34. Ke3 Kd7 35. Rh4 h6 36. Ke4 Ke6 37. Rg4 Kf6 38. Rg3 Rd8 39.
Ra3 a6 40. Rb3 Rd2 41. Rxb7 Rxa2 42. Rxc7 Rxf2 43. Rc6+ Kg5 {White resigns} 0-1

[Event "Team 45 45 League T35"]
[Site "Internet Chess Club"]
[Date "2007.11.01"]
[Round "3"]
[White "therealwizard"]
[Black "Amauta"]
[Result "1-0"]
[WhiteElo "2071"]
[BlackElo "1981"]
[Opening "Dutch: stonewall with Nc3"]
[ECO "A85"]
[Time "21:11:34"]
[TimeControl "2700+45"]

1. d4 f5 2. c4 Nf6 3. Nc3 e6 4. g3 Be7 5. Bg2 O-O 6. Nf3 c6 7. O-O d5 8. b3 Qe8
9. Ne5 Nbd7 10. f4 Bb4 11. Bb2 Nxe5 12. fxe5 Ng4 13. Qd2 Qh5 14. h3 Nh6 15. a3
Be7 16. cxd5 cxd5 17. Rac1 Bd7 18. b4 Rac8 19. e3 Qg5 20. Kh2 Nf7 21. Rc2 Rc4
22. Rfc1 Rfc8 23. Bf1 R4c6 24. h4 Qh6 25. b5 Rc4 26. Bxc4 Rxc4 27. Qf2 Bxh4 28.
gxh4 Nxe5 29. Qf4 Qxf4+ 30. exf4 Nd3 31. Rb1 Nxf4 32. Rd2 Ng6 33. Kh3 f4 34. Rf1
e5+ 35. Kh2 exd4 36. Nxd5 Bxb5 37. Nxf4 Nxh4 38. Rdf2 Nf5 39. Ne6 g6 40. Rxf5
{Black resigns} 1-0

[Event "Team 45 45 League T35"]
[Site "Internet Chess Club"]
[Date "2007.11.04"]
[Round "3"]
[White "f5"]
[Black "killer21"]
[Result "1/2-1/2"]
[WhiteElo "2209"]
[BlackElo "2304"]
[Opening "Sicilian: closed"]
[ECO "B24"]
[Time "01:57:14"]
[TimeControl "2700+45"]

1. e4 c5 2. Nc3 Nc6 3. g3 g6 4. Bg2 Bg7 5. d3 e6 6. Be3 d6 7. f4 Nge7 8. Nf3 Nd4
9. O-O O-O 10. e5 Nec6 11. exd6 Qxd6 12. Ne4 Qe7 13. c3 f5 14. cxd4 cxd4 15. Bf2
fxe4 16. dxe4 e5 17. fxe5 Bxe5 18. Nxe5 Qxe5 19. Qb3+ Be6 20. Qxb7 Rfc8 21. Rac1
Rab8 22. Qa6 Rb6 23. Qa4 Rb4 24. Qa6 Rb6 25. Qa4 Rb4 26. Qa6 Rb6 {Game drawn by
repetition} 1/2-1/2

[Event "Team 45 45 League T35"]
[Site "Internet Chess Club"]
[Date "2007.11.01"]
[Round "3"]
[White "valipop"]
[Black "Ophidian"]
[Result "0-1"]
[WhiteElo "2100"]
[BlackElo "2111"]
[Opening "Petrov: Italian variation"]
[ECO "C42"]
[Time "11:32:51"]
[TimeControl "2700+45"]

1. e4 e5 2. Nf3 Nf6 3. Bc4 Nxe4 4. O-O d5 5. Re1 Bc5 6. d4 Be7 7. Nxe5 Nxf2 8.
Qf3 Be6 9. Kxf2 dxc4 10. Qxb7 Qxd4+ 11. Kf1 Qd5 12. Qxd5 Bxd5 13. Nc3 Be6 14.
Nb5 Na6 15. Nd4 O-O 16. Nxe6 fxe6+ 17. Nf3 Nb4 18. Re2 Rad8 19. Be3 a5 20. Kg1
c5 21. a3 Nd5 22. Bd2 Bf6 23. Ne5 c3 24. bxc3 Nb6 25. Bf4 Na4 26. c4 Nb6 27. Re4
Nc8 28. Re3 Nd6 29. Rf1 Bxe5 30. Rxe5 Nxc4 31. Rxc5 Nxa3 32. c3 Rd5 33. Rxd5
exd5 34. g3 Nb5 35. Rf3 g5 36. Kf2 gxf4 37. gxf4 a4 38. Ke3 a3 39. Rf2 Nxc3 40.
Kd3 a2 41. Rf1 Nb1 {White resigns} 0-1

[Event "Team 45 45 League T35"]
[Site "Internet Chess Club"]
[Date "2007.11.05"]
[Round "3"]
[White "DctSccr"]
[Black "Terte"]
[Result "1-0"]
[WhiteElo "2102"]
[BlackElo "2122"]
[Opening "Dutch: stonewall with Ba3"]
[ECO "A94"]
[Time "13:56:29"]
[TimeControl "2700+45"]

1. d4 f5 2. g3 Nf6 3. Bg2 e6 4. c4 d5 5. Nf3 Be7 6. O-O O-O 7. b3 c6 8. Ba3 Nbd7
9. Qc1 Ne4 10. Bxe7 Qxe7 11. Qa3 Qf6 12. e3 g5 13. Qb2 g4 14. Ne1 Qg5 15. Nc3
Ndf6 16. Nd3 h5 17. Ne2 Rf7 18. Nef4 h4 19. Ne5 Rh7 20. Rfc1 hxg3 21. hxg3 Nh5
22. Bxe4 fxe4 23. Kg2 Nxf4+ 24. gxf4 Qf5 25. Rh1 Rh3 26. Rxh3 gxh3+ 27. Kh2
{Black resigns} 1-0

[Event "Team 45 45 League T35"]
[Site "Internet Chess Club"]
[Date "2007.11.02"]
[Round "3"]
[White "andreip"]
[Black "martineden"]
[Result "1/2-1/2"]
[WhiteElo "2056"]
[BlackElo "1983"]
[Opening "Robatsch (modern) defense"]
[ECO "B06"]
[Time "12:06:34"]
[TimeControl "2700+45"]

1. e4 g6 2. d4 d6 3. Be3 Bg7 4. Bd3 c5 5. c3 Qb6 6. Qd2 cxd4 7. Bxd4 Bxd4 8.
cxd4 Nc6 9. Ne2 Nf6 10. Nbc3 O-O 11. b3 Bd7 12. Bc4 Na5 13. O-O Nxc4 14. bxc4
Be6 15. Rab1 Qa6 16. d5 Bd7 17. Rb4 Rac8 18. Rfb1 b6 19. Qd3 Rc5 20. a4 Rfc8 21.
Nb5 Qb7 22. Nbd4 Qa6 23. Nb5 Qb7 24. Nbd4 Qa6 25. Nc3 Qa5 26. f4 Nh5 27. g4 Nxf4
28. Qf1 g5 29. Nf5 Kf8 30. h4 Ng6 31. hxg5 Ne5 32. Qh3 Ke8 33. Qxh7 Bxf5 34.
Qxf5 Rxc4 35. Ne2 {Game drawn by mutual agreement} 1/2-1/2

[Event "Team 45 45 League T35"]
[Site "Internet Chess Club"]
[Date "2007.11.03"]
[Round "3"]
[White "ranaamasonika"]
[Black "playwaycool05"]
[Result "1-0"]
[WhiteElo "2218"]
[BlackElo "2226"]
[Opening "Ruy Lopez: closed, Keres (...Nd7) defense"]
[ECO "C96"]
[Time "14:03:13"]
[TimeControl "2700+45"]

1. e4 e5 2. Nf3 Nc6 3. Bb5 a6 4. Ba4 Nf6 5. O-O Be7 6. Re1 b5 7. Bb3 d6 8. c3
O-O 9. h3 Na5 10. Bc2 c5 11. d4 Nd7 12. Nbd2 exd4 13. cxd4 Nc6 14. d5 Nce5 15.
Nxe5 Nxe5 16. f4 Ng6 17. Nf3 Bh4 18. Nxh4 Qxh4 19. a4 Bxh3 20. gxh3 Qg3+ 21. Kf1
Qxh3+ 22. Ke2 Qh2+ 23. Kd3 f5 24. exf5 Rxf5 25. Kc3 b4+ 26. Kb3 c4+ 27. Kxb4
Rb8+ 28. Ka3 Rh5 29. Qe2 Qxe2 30. Rxe2 Rxd5 31. Bd2 Rd4 32. f5 Nf4 33. Rh2 Nd3
34. Bc3 Rg4 35. Rd1 Rg3 36. Bxd3 cxd3 37. Rhd2 Rf8 38. Rxd3 Rxd3 39. Rxd3 Rxf5
40. Rxd6 g5 41. Rxa6 h5 42. Ra7 g4 43. Rg7+ Kf8 44. Kb4 Rf3 45. Rg5 Rf4+ 46. Kb5
h4 47. Be5 Re4 48. a5 h3 49. a6 Kf7 50. a7 h2 51. Bxh2 {Black resigns} 1-0

[Event "Team 45 45 League T35"]
[Site "Internet Chess Club"]
[Date "2007.11.02"]
[Round "3"]
[White "gracey"]
[Black "Gokhtra"]
[Result "0-1"]
[WhiteElo "2118"]
[BlackElo "2197"]
[Opening "Vienna game"]
[ECO "C28"]
[Time "18:02:05"]
[TimeControl "2700+45"]

1. e4 Nc6 2. Nc3 e5 3. Bc4 Nf6 4. d3 Bc5 5. Bg5 h6 6. Bh4 d6 7. Na4 O-O 8. Nf3
Bb6 9. Nxb6 axb6 10. O-O Bg4 11. c3 g5 12. Bg3 Kg7 13. h4 Nh5 14. hxg5 hxg5 15.
Bh2 Nf4 16. Bxf4 exf4 17. d4 Qf6 18. Re1 Rh8 19. Kf1 Rae8 20. Qd3 Qg6 21. Bd5
Nd8 22. Ng1 c6 23. Bc4 b5 24. Bb3 d5 25. f3 dxe4 26. fxe4 Ne6 27. Bxe6 Bxe6 28.
d5 cxd5 29. Qd4+ Qf6 30. Qxf6+ Kxf6 31. e5+ Kg6 32. Rad1 Ra8 33. a3 Ra4 34. Nf3
Re4 35. Kf2 g4 36. Nd2 Rxe1 37. Rxe1 Bf5 38. Nb3 Be4 39. Kg1 f3 40. gxf3 Bxf3
41. Nd2 Rh1+ 42. Kf2 g3+ {White resigns} 0-1

[Event "Team 45 45 League T35"]
[Site "Internet Chess Club"]
[Date "2007.11.03"]
[Round "3"]
[White "tini3blas"]
[Black "taulanipov"]
[Result "1-0"]
[WhiteElo "2172"]
[BlackElo "2035"]
[Opening "Van't Kruijs opening"]
[ECO "A00"]
[Time "03:06:21"]
[TimeControl "2700+45"]

1. e3 Nf6 2. d4 e6 3. h3 c5 4. Nd2 Nc6 5. Ngf3 Be7 6. dxc5 Bxc5 7. Bd3 d5 8. a3
e5 9. e4 dxe4 10. Nxe4 Nxe4 11. Bxe4 Qxd1+ 12. Kxd1 f6 13. Ke2 O-O 14. Rd1 Be6
15. b4 Bd4 16. Nxd4 Nxd4+ 17. Ke1 Rac8 18. Rd2 f5 19. Bd3 Rfd8 20. Bb2 a6 21. a4
g6 22. Rad1 Bf7 23. b5 axb5 24. axb5 Rc5 25. c4 Rc7 26. Bxd4 exd4 27. Rc1 b6 28.
Rdc2 Rc5 29. Ra1 Kg7 30. Ra6 Rd6 31. Kd2 Kf6 32. Rc1 g5 33. Rca1 h5 34. R1a4 g4
35. hxg4 hxg4 36. Ra8 Rc7 37. Rh8 Ke5 38. g3 Rf6 39. Ra1 f4 40. Rd8 Re6 41. Re1+
Kf6 42. Rxe6+ Bxe6 43. gxf4 Bxc4 44. Rd6+ Ke7 45. Rxb6 Bd5 46. Bf5 Bf3 47. Kd3
Rc1 48. Re6+ Kd8 49. Kxd4 Rd1+ 50. Bd3 Kd7 51. f5 Rd2 52. Ke3 Rd1 53. Rg6 Re1+
54. Kd4 Rd1 55. Rg7+ Kd6 56. b6 Be2 57. Ke3 Rxd3+ 58. Kxe2 Rb3 59. b7 Ke5 60.
Rf7 Kd6 61. Rg7 Ke5 62. Rf7 Kd6 63. Kf1 Ke5 64. Ke1 Kd6 65. Kd2 Ke5 66. Kc2 Rb6
67. Kc3 Rb1 68. Kc4 Kf4 69. Kc5 Kf3 70. Kc6 Kxf2 71. Rf8 g3 72. b8=Q {Black
resigns} 1-0